 Dungeon Crawl Stone Soup version 0.26-a0-665-gefeb406119 (webtiles) character file.

Game seed: 8542279926326498367

2 Descartes the Sneak (level 1, 0/10 HPs)
             Began as a Felid Delver on Oct 14, 2020.
             Slain by an adder (1 damage)
             ... on level 5 of the Dungeon.
             The game lasted 00:00:21 (50 turns).

Descartes the Sneak (Felid Delver)                    Turns: 50, Time: 00:00:21

Health: 0/10       AC:  1    Str:  8    XL:     1   Next: 25%
Magic:  2/2        EV: 18    Int: 11    God:
Gold:   0          SH:  0    Dex: 17    Spells: 0/0 levels left
                                        Lives:  0   Deaths: 0

rFire    . . .     SeeInvis +     - Unarmed
rCold    . . .     Faith    .   (shield unavailable)
rNeg     . . .     Spirit   .   (armour unavailable)
rPois    .         Reflect  .   (helmet unavailable)
rElec    .         Harm     .   (cloak unavailable)
rCorr    .         Rampage  .   (gloves unavailable)
MR       .....                  (boots unavailable)
Stlth    ++++......             (no amulet)
HPRegen  0.03/turn              (no ring)
MPRegen  0.08/turn              (no ring)

@: marked, quick
A: very small, no armour, no weapons or thrown items, stealth, claws 1, fangs 3,
see invisible, speed 1, shaggy fur 1, sharp paws
a: no special abilities


You were on level 5 of the Dungeon.
You visited 1 branch of the dungeon, and saw 1 of its levels.

Inventory:

Wands
 e - a wand of digging (3)
Scrolls
 a - a scroll of fog
 b - a scroll of magic mapping
 c - a scroll of fear
Potions
 d - a potion of haste


   Skills:
 - Level 3.0 Fighting
 - Level 2.6 Dodging
 + Level 6.7 Stealth
 - Level 2.0 Unarmed Combat


You couldn't memorise any spells.
You didn't know any spells.
Your spell library was empty.

Dungeon Overview and Level Annotations

Branches:
Dungeon (5/15)
 Temple: D:4-7

Altars:

Annotations:
D:5 Pikel


Innate Abilities, Weirdness & Mutations

You cannot wear armour.
You are incapable of wielding weapons or throwing items.
Your paws allow you to move quietly. (Stealth)
You have sharp claws.
You have razor-sharp teeth.
You have supernaturally acute eyesight. (SInv)
You cover ground quickly.
You are covered in fur. (AC +1)
Your sharp claws are effective at attacking unaware monsters.


Message History

You scratch the jackal.
The jackal is heavily wounded.
The jackal barely misses you.
A hound skeleton comes into view.
The quokka barely misses you. The jackal closely misses you.
You closely miss the jackal.
The jackal is heavily wounded.
The jackal misses you. The quokka completely misses you.
You scratch the jackal.
The jackal is severely wounded.
The jackal misses you. The quokka misses you.
You scratch the jackal.
You kill the jackal!
The quokka closely misses you.
A ball python comes into view.
You closely miss the adder. The adder closely misses you. The quokka bites you.
Ouch! That really hurt!
* * * LOW HITPOINT WARNING * * *
The adder bites you.
You die...

..# #..$....# ..
#.......# #......>#
#.....### #####.# #
###.###.###
#..........
###++######55.....###
.S..ZhS@r55K5.....#
...#.Z#############
#... ###


You could see Pikel, 4 lemures, an adder, an ufetubus, a quokka, a jackal, a
ball python, a leopard gecko skeleton and a hound skeleton.

Vanquished Creatures
  A jackal (D:5)
  A leopard gecko zombie (D:5)
2 creatures vanquished.

Notes
Turn   | Place    | Note
-------+----------+-------------------------------------------
     0 | D:5      | Descartes the Felid Delver began the quest for the Orb.
     0 | D:5      | Reached XP level 1. HP: 10/10 MP: 2/2
     3 | D:5      | Noticed a lemure
    31 | D:5      | Noticed a lemure
    35 | D:5      | Noticed Pikel
    35 | D:5      | Noticed a lemure
    35 | D:5      | Noticed a lemure
    50 | D:5      | Slain by an adder

Illustrated notes

Levels and vault maps discovered:
D:5:      layout_rooms, corner_web_ring, kennysheep_generic_room_5,
          uniq_grinder, uniq_crazy_yiuf_cottage, uniq_pikel

Action                   || total
-------------------------++-------
Melee: Unarmed           ||     8
Dodge: Dodged            ||    15

Table legend: (Time is in decaauts)
 A = Elapsed time spent in this place.
 B = Non-inter-level travel time spent in this place.
 C = Inter-level travel time spent in this place.
 D = Time resting spent in this place.
 E = Time spent auto-exploring this place.
 F = Levels seen in this place.
 G = Mean time per level.
                   A        B        C        D        E       F      G
               +--------+--------+--------+--------+--------+-----+--------+
         Total |     41 |     41 |      0 |      0 |      2 |   1 |   41.0 |
       Dungeon |     41 |     41 |      0 |      0 |      2 |   1 |   41.0 |
               +--------+--------+--------+--------+--------+-----+--------+

Top non-repeatable levels by time:
     D:5: 41 daAuts
